 Dungeon Crawl Stone Soup version 0.31-a0-267-g3fc6992b3b (webtiles) character file.

Game seed: 6035285453707136626

32 qw the Shooter (level 3, -2/21 HPs)
             Began as a Gargoyle Hexslinger on July 14, 2023.
             Killed from afar by Terence (4 damage)
             ... with a puff of flame
             ... on level 2 of the Dungeon.
             The game lasted 00:00:24 (752 turns).

qw the Shooter (Gargoyle Hexslinger)                 Turns: 752, Time: 00:00:24

Health: -2/21      AC:  5    Str: 17    XL:     3   Next: 25%
Magic:  4/4        EV: 12    Int: 13    God:
Gold:   8          SH:  0    Dex: 14    Spells: 3/4 levels left

rFire   . . .        Y - +1 sling
rCold   . . .        (no shield)
rNeg    + . .        c - +0 robe
rPois   inf          (no helmet)
rElec   +            (no cloak)
rCorr   .            (no gloves)
SInv    .            (no boots)
Will    .....        (no amulet)
Stlth   +            h - +6 ring of strength
HPRegen 0.23/turn    (no ring)
MPRegen 0.09/turn

%: no passive effects
@: weak-willed
A: sickness immunity, AC +3, negative energy resistance 1, electricity
resistance, torment resistance 1, petrification resistance
a: no special abilities


You were on level 2 of the Dungeon.
You visited 1 branch of the dungeon, and saw 2 of its levels.

You collected 8 gold pieces.


Innate Abilities, Weirdness & Mutations

You are immune to sickness and miasma.
Your stone body is resilient. (AC +3)
You are immune to poison.
You resist negative energy. (rN+)
You are resistant to electric shocks. (rElec)
You are resistant to unholy torment.
You are immune to petrification.


   Skills:
 - Level 2.0 Fighting
 + Level 3.2 Ranged Weapons
 - Level 1.5 Dodging
 - Level 1.0 Spellcasting
 - Level 2.6 Hexes


You had 3 spell levels left.
You knew the following spells:

 Your Spells              Type           Power      Damage    Failure   Level
a - Slow                  Hex            28%        N/A       10%         1

Your spell library contained the following spells:

 Spells                   Type           Power      Damage    Failure   Level
 Inner Flame              Hex/Fire       4%         N/A       43%         3
 Portal Projectile        Hex/Tloc       8%         N/A       43%         3
 Cause Fear               Hex            3%         N/A       67%         4

Inventory:

Hand Weapons
 Y - a +1 sling (weapon)
Armour
 c - a +0 robe (worn)
Jewellery
 h - a +6 ring of strength (left hand)
Potions
 d - a potion of curing {unknown}
 g - a potion of enlightenment {unknown}
 i - a potion of mutation {unknown}

Dungeon Overview and Level Annotations

Branches:
Dungeon (2/15)

Altars:

Annotations:
D:2 Terence


Message History

728 ||| READING scroll labelled CEUV TUMABU.
As you read the scroll labelled CEUV TUMABU, it crumbles to dust.
You feel momentarily disoriented.
It was a scroll of revelation.
Enter note:
Enter note:
Enter note: Done exploring.
729 ||| DROPPING scroll of poison.
You drop a scroll of poison.
Done exploring.
(D) Dungeon
Where to? (* - list waypoints, ? - help)
What level of the Dungeon? (default 1, ? - help)
There is a stone staircase leading down here.
You climb downwards.
There is a stone staircase leading up here.
Waypoint 1 assigned to D:2.
Terence the Incautious comes into view.
He is wielding a +0 short sword and carrying a wand of flame.
Found a stone staircase leading down.
You shoot a sling bullet.
The sling bullet completely misses Terence.
Terence shouts!
You shoot a sling bullet. The sling bullet barely misses Terence.
You shoot a sling bullet.
The sling bullet hits Terence but does no damage.
Terence zaps a wand.
The puff of flame hits you!
You shoot a sling bullet.
The sling bullet closely misses Terence.
Terence zaps a wand.
The puff of flame hits you!
Terence zaps a wand.
The puff of flame hits you.
You shoot a sling bullet. The sling bullet hits Terence.
Terence is lightly wounded.
You shoot a sling bullet. The sling bullet barely misses Terence.
You shoot a sling bullet. The sling bullet barely misses Terence.
Terence zaps a wand.
The puff of flame misses you.
You shoot a sling bullet.
The sling bullet closely misses Terence.
You shoot a sling bullet. The sling bullet hits Terence.
Terence is moderately wounded.
Terence completely misses you.
Terence zaps a wand.
The puff of flame hits you.
You die...

##.# .#.#
#..>#
####....#
.......#
####......#
#.....@...#
#@#+# #.#.#
###.#.#
#....<#
#.#.#.#
#.#.#.#
#.#.#.#
#.#.#.#
#.#.#.#


You could see Terence.

Vanquished Creatures
  A dart slug (D:1)
  A bat (D:1)
  An endoplasm (D:1)
  2 giant cockroaches (D:1)
  A goblin (D:1)
  4 hobgoblins (D:1)
  6 jackals (D:1)
  3 quokkas (D:1)
  A ball python (D:1)
  A frilled lizard (D:1)
  4 rats (D:1)
25 creatures vanquished.

Notes
Turn   | Place    | Note
-------+----------+-------------------------------------------
     0 | D:1      | qw the Gargoyle Hexslinger began the quest for the Orb.
     0 | D:1      | Reached XP level 1. HP: 12/12 MP: 2/2
     0 | D:1      | 0 ||| qw: Version: 0.3-a-52-g30416fa
     0 | D:1      | 0 ||| qw: Game counter: 7798
     0 | D:1      | 0 ||| qw: Melee chars always use a shield: true
     0 | D:1      | 0 ||| qw: God list: Okawaru
     0 | D:1      | 0 ||| qw: Allow faded altars: false
     0 | D:1      | 0 ||| qw: Do Orc after clearing Dungeon:15 true
     0 | D:1      | 0 ||| qw: Do second Lair branch before Depths: true
     0 | D:1      | 0 ||| qw: Lair rune preference: random
     0 | D:1      | 0 ||| qw: Goals: Normal
     0 | D:1      | 0 ||| PLANNING D:1-11
    65 | D:1      | Reached XP level 2. HP: 16/16 MP: 3/3
   126 | D:1      | Reached skill level 3 in Ranged Weapons
   452 | D:1      | Reached XP level 3. HP: 21/21 MP: 4/4
   725 | D:1      | 725 ||| UPGRADING to +6 ring of strength.
   726 | D:1      | 726 ||| READING scroll labelled BUTOCI YCVIT.
   727 | D:1      | 727 ||| READING scroll labelled TEATIE YCINOAF.
   728 | D:1      | 728 ||| READING scroll labelled CEUV TUMABU.
   729 | D:1      | 729 ||| DROPPING scroll of poison.
   742 | D:2      | Noticed Terence
   747 | D:2      | HP: 4/21 [Terence/puff of flame (8)]
   747 | D:2      | HP: 1/21 [Terence/puff of flame (3)]
   752 | D:2      | Killed from afar by Terence

Levels and vault maps discovered:
D:1:      elethiomel_arrival_quiet, layout_loops_ring
D:2:      layout_basic, uniq_terence

Skill      XL: |  1  2 |
---------------+-------+-----
Ranged Weapons | 3 |  3.2
Fighting       | 2 |  2.0
Dodging        | |  1.5
Spellcasting   | |  1.0
Hexes          | |  2.6

Action                     || total
---------------------------++-------
   Fire: Sling             ||   121
    Use: Scroll            ||     3
 Armour: Robe              ||    30
  Dodge: Dodged            ||    47

Table legend:
 A = Non-vault XP
 B = Vault XP
 C = Vault XP percentage of total XP
 D = Non-vault monster count
 E = Vault monster count
 F = Vault count percentage of total count
                 A         B        C        D         E       F
            +---------+---------+-------+---------+---------+-------
      Total |      46 |       0 |   0.0 |      25 |       0 |   0.0
            +---------+---------+-------+---------+---------+-------
        D:1 |      46 |       0 |   0.0 |      25 |       0 |   0.0
            +---------+---------+-------+---------+---------+-------
